 Dungeon Crawl Stone Soup version 0.22.0-60-ga52c2fc (webtiles) character file.

929 jerryfan the Changer (level 7, 0/59 HPs)
             Began as a Yellow Draconian Transmuter on Sept 10, 2018.
             Slain by an unseen horror (4 damage)
             ... on level 5 of the Dungeon.
             The game lasted 00:17:33 (4774 turns).

jerryfan the Changer (Yellow Draconian Transmuter)  Turns: 4774, Time: 00:17:33

Health: 0/59       AC:  7    Str: 12    XL:     7   Next: 85%
Magic:  10/12      EV: 19    Int: 15    God:
Gold:   208        SH:  3    Dex: 17    Spells: 5/13 levels left

rFire    . . .     SeeInvis .     - Unarmed
rCold    . . .     Gourm    .   (no shield)
rNeg     . . .     Faith    .   (armour unavailable)
rPois    .         Spirit   .   (helmet restricted)
rElec    .         Reflect  +   (no cloak)
rCorr    +         Harm     .   f - +0 pair of gloves
MR       +....                  (no boots)
Stlth    +++.......             j - +3 amulet of reflection
HPRegen  0.19/turn              i - ring of protection from magic
MPRegen  0.13/turn              (no ring)

@: agile, berserk cooldown, slowed, very slow
A: spit acid, acid resistance, unfitting armour, cold-blooded, AC +6
a: Breathe Acid


You were on level 5 of the Dungeon.
You were very hungry.

You visited 1 branch of the dungeon, and saw 5 of its levels.

You collected 208 gold pieces.

Inventory:

Missiles
 a - 7 arrows
 o - 5 tomahawks (quivered)
Armour
 f - a +0 pair of gloves (worn)
Jewellery
 i - a ring of protection from magic (left hand)
 j - a +3 amulet of reflection (around neck)
Wands
 l - a wand of digging (10)
Scrolls
 d - 7 scrolls of identify
 e - a scroll of fear
 k - a scroll of amnesia
 n - 3 scrolls of remove curse {unknown}
Potions
 b - a potion of brilliance {unknown}
 h - 2 potions of curing
Comestibles
 c - 6 rations


   Skills:
 + Level 4.0 Fighting
 + Level 3.7 Dodging
 + Level 4.6 Unarmed Combat
 + Level 3.8 Spellcasting
 * Level 5.5 Transmutations


You had 5 spell levels left.
You knew the following spells:

 Your Spells              Type           Power        Failure   Level  Hunger
a - Beastly Appendage     Tmut           ###...       1%          1    None
b - Sticks to Snakes      Tmut           ###.....     2%          2    ##.....
c - Blade Hands           Tmut           ###.......   45%         5    ######.

Your spell library contained the following spells:

 Spells                   Type           Power        Failure   Level  Hunger
 Spider Form              Tmut/Pois      ##........   17%         3    ###....
 Ice Form                 Ice/Tmut       ##......     50%         4    ####...


Dungeon Overview and Level Annotations

Branches:
Dungeon (5/15)
 Temple: D:4-7

Altars:
Elyvilon
Fedhas
Gozag
Hepliaklqana
Makhleb
Nemelex Xobeh
Zin
The Shining One

Shops:
D:4 !

Annotations:
D:2 exclusion: downstairs


Innate Abilities, Weirdness & Mutations

You can spit globs of acid.
You are resistant to acid.
Your golden yellow scales are hard. (AC +6)
You cannot fit into any form of body armour.
You are cold-blooded and may be slowed by cold attacks.


Message History

You closely miss something. Something hits you.
You miss something.
You are no longer berserk.
You are exhausted.
You feel yourself slow down. Something hits you.
You hit something but do no damage. Something hits you. x2
* * * LOW HITPOINT WARNING * * *
Something hits you but does no damage. Something hits you!
* * * LOW HITPOINT WARNING * * *
You swap places.
Something misses your ball python. Something hits your ball python!
Your ball python dies!
There is a fountain of clear blue water here.
Something hits you.
* * * LOW HITPOINT WARNING * * *
Something hits you but does no damage.
You feel agile all of a sudden. Something hits you.
You die...

#. ..... #.#######.....
#............. #..#
#..#.#.#.#.#.# ....#
#............. ....
##...⌠%....⌠.. #..##
#......._.....
#..####....⌠.....⌠..
#.........@......... .#
##.......#.#.#.#.#.#
..### #...###.........).
.....##..................
#..............####....
##....########## ....
#....# ... #....#
##....###


There were no monsters in sight!

Vanquished Creatures
  Grinder (D:3)
  An ogre (D:4)
  A scorpion (D:4)
  2 jellies (D:5)
  A bullfrog skeleton (D:5)
  3 orc priests
  3 orc wizards
  Jessica (D:2)
  2 iguanas (D:4)
  Terence (D:2)
  2 worker ants
  Natasha (twice) (D:2)
  A worker ant zombie (D:4)
  4 adders
  A worm (D:3)
  2 dart slugs
  2 leopard geckos (D:1)
  7 orcs
  2 bats
  2 giant cockroaches (D:2)
  8 goblins
  11 hobgoblins
  4 jackals (D:4)
  2 quokkas
  A frilled lizard (D:2)
  2 goblin skeletons (D:4)
  3 hobgoblin zombies (D:4)
  2 kobolds
  An orc skeleton (D:4)
  12 rats
87 creatures vanquished.

Vanquished Creatures (collateral kills)
  Natasha (D:2)
  A worker ant (D:4)
  An adder (D:3)
  A white imp (D:4)
  A worm (D:2)
  2 orcs (D:3)
  A bat (D:2)
  A giant cockroach (D:1)
  2 goblins (D:1)
  A hobgoblin (D:1)
  3 frilled lizards (D:1)
  2 goblin zombies (D:4)
  A kobold (D:1)
18 creatures vanquished.

Vanquished Creatures (others)
  A kobold (D:3)
1 creature vanquished.

Grand Total: 106 creatures vanquished

Notes
Turn   | Place    | Note
-------+----------+-------------------------------------------
     0 | D:1      | jerryfan the Draconian Transmuter began the quest for the
                  | Orb.
     0 | D:1      | Reached XP level 1. HP: 16/16 MP: 3/3
   313 | D:1      | Reached XP level 2. HP: 15/23 MP: 3/5
   339 | D:1      | Learned a level 2 spell: Sticks to Snakes
   771 | D:1      | Reached XP level 3. HP: 17/28 MP: 6/6
   943 | D:2      | Noticed Jessica
  1033 | D:2      | Noticed Terence
  1066 | D:2      | Killed Terence
  1374 | D:2      | Reached skill level 3 in Transmutations
  1380 | D:2      | Killed Jessica
  1380 | D:2      | Reached XP level 4. HP: 36/36 MP: 1/7
  1753 | D:2      | Found a faded altar of an unknown god.
  1977 | D:2      | Noticed Natasha
  1987 | D:2      | Killed Natasha
  2055 | D:2      | Noticed Natasha
  2071 | D:2      | Killed Natasha
  2228 | D:2      | Noticed Natasha
  2256 | D:2      | Killed Natasha
  2256 | D:2      | Reached XP level 5. HP: 28/41 MP: 2/9
  2692 | D:3      | Reached skill level 4 in Transmutations
  2708 | D:3      | Reached XP level 6. HP: 19/50 MP: 4/10
  3078 | D:3      | Found a glowing silver altar of Zin.
  3394 | D:3      | Noticed Grinder
  3423 | D:3      | Killed Grinder
  3423 | D:3      | Your scales start taking on a golden yellow colour.
  3423 | D:3      | Reached XP level 7. HP: 15/57 MP: 2/12
  3889 | D:4      | Found Kiuth's Distillery.
  3996 | D:4      | Found a glowing golden altar of the Shining One.
  4017 | D:4      | Reached skill level 5 in Transmutations
  4024 | D:4      | Learned a level 5 spell: Blade Hands
  4139 | D:4      | Found a hazy altar of Hepliaklqana.
  4368 | D:4      | Found a blossoming altar of Fedhas.
  4391 | D:4      | Found an opulent altar of Gozag.
  4546 | D:4      | Found a burning altar of Makhleb.
  4546 | D:4      | Found a sparkling altar of Nemelex Xobeh.
  4655 | D:5      | Entered Level 5 of the Dungeon
  4751 | D:5      | Found a white marble altar of Elyvilon.
  4774 | D:5      | Slain by an unseen horror

Skill      XL: |  1  2  3  4  5  6  7 |
---------------+----------------------+-----
Dodging        | 2 3 |  3.7
Transmutations | 3 4 5 |  5.5
Fighting       | 2 3 4 |  4.0
Spellcasting   | 3 |  3.8
Unarmed Combat | 4 |  4.6

Action                   |  1- 3 |  4- 6 |  7- 9 || total
-------------------------+-------+-------+-------++-------
Melee: Unarmed           |    97 |   193 |   105 ||   395
       Tailslap          |     9 |    26 |    17 ||    52
       Headbutt          |     3 |     4 |     3 ||    10
       Kick              |     6 |     8 |     6 ||    20
       Punch             |       |     4 |     2 ||     6
 Cast: Beastly Appendage |     9 |     8 |     5 ||    22
       Sticks to Snakes  |     9 |    28 |     7 ||    44
 Abil: Breathe Acid      |       |       |     4 ||     4
  Use: Scroll            |     3 |     4 |       ||     7
       Potion            |     5 |     2 |     2 ||     9
 Stab: Sleeping          |     1 |     2 |     1 ||     4
  Eat: Chunk             |     2 |     9 |     4 ||    15
Armor: Skin              |    25 |    44 |    42 ||   111
Dodge: Dodged            |    67 |    77 |    42 ||   186
Block: Other             |     3 |    26 |     8 ||    37
       Reflection        |       |     1 |       ||     1
